Map: Acropolis LE

Players

Mez - Winner!

  • Race: Terran Terran
  • League: Master
  • Spawn Location: 5:00

WalkinBlues

  • Race: Zerg Zerg
  • League: Master
  • Spawn Location: 11:00

VOD

Have the link to the VOD?

Description

Time

  • Played on: Sept. 2, 2019, 10:28 a.m.
  • Length: 14:06
Show
View Real Time Build Order
Export as new Build Order

Mez Terran - Winner!

Build Orders: Liberator Opening, Reaper Expand 

Get SALT Encoding   

  12  0:00  SCV  
  13  0:13  SCV  
  14  0:17  Supply Depot  
  14  0:25  SCV  
  15  0:38  SCV  
  15  0:39  Barracks  
  16  0:44  Refinery  
  16  0:50  SCV  
  17  1:02  SCV  
  18  1:15  SCV  
  19  1:28  Orbital Command, Reaper  
  20  1:40  Command Center  
  20  1:48  Supply Depot  
  20  1:55  SCV  
  20  2:00  Marine  
  22  2:07  SCV  
  23  2:14  Factory  
  23  2:16  Refinery  
  23  2:22  Barracks Reactor  
  22  2:35  SCV  
  23  2:50  SCV  
  24  2:53  Orbital Command  
  24  3:02  Starport  
  24  3:05  SCV, Barracks Tech Lab  
  25  3:12  Supply Depot  
  25  3:13  Hellion x2  
  25  3:17  SCV  
  30  3:21  SCV  
  30  3:25  Marine  
  32  3:29  Liberator, SCV  
  32  3:33  SCV  
  34  3:36  Hellion x2  
  38  3:43  SCV  
  38  3:45  Marine, SCV  
  44  3:55  SCV  
  45  3:57  SCV  
  45  3:59  Hellion x2  
  50  4:04  Supply Depot  
  50  4:09  Marine  
  51  4:11  SCV x2  
  53  4:25  SCV x2  
  55  4:37  SCV  
  55  4:38  SCV  
  57  4:40  Command Center  
  57  4:45  Marine, Starport Reactor, Factory Reactor  
  57  4:46  Barracks, Stimpack  
  57  4:50  Barracks, SCV x2  
  55  5:08  SCV  
  55  5:09  Marine, SCV  
  58  5:16  Refinery  
  58  5:17  Refinery  
  58  5:18  Barracks x2  
  58  5:20  Engineering Bay  
  58  5:21  SCV x2, Engineering Bay  
  60  5:28  Marine  
  60  5:33  SCV  
  62  5:37  Factory Tech Lab  
  62  5:48  Supply Depot  
  62  5:49  Supply Depot  
  62  5:51  Marine x5  
  62  5:52  Medivac x2  
  62  5:55  Orbital Command  
  71  6:01  Siege Tank  
  71  6:02  Terran Infantry Weapons Level 1  
  71  6:03  Terran Infantry Armor Level 1  
  74  6:09  Marine x4, SCV  
  74  6:10  SCV  
  80  6:17  Orbital Command  
  80  6:21  SCV  
  81  6:26  Marine  
  81  6:29  Marine x3, Barracks Reactor x2  
  81  6:30  Marine, Supply Depot  
  81  6:31  Supply Depot x2  
  86  6:35  SCV x2  
  86  6:37  Siege Tank  
  91  6:42  Medivac  
  93  6:52  SCV x2, Medivac  
  97  6:57  Marine x4  
  101  7:01  Marine  
  101  7:02  SCV, Armory  
  101  7:04  SCV  
  101  7:07  Combat Shield  
  104  7:11  Marine x4  
  104  7:12  Siege Tank  
  104  7:13  SCV  
  104  7:14  SCV  
  104  7:15  Marine x3  
  106  7:26  Marine x2  
  106  7:29  Marine  
  108  7:34  Factory  
  108  7:35  Supply Depot  
  108  7:36  Marine x6  
  114  7:37  SCV x3  
  117  7:56  Siege Tank, SCV, Supply Depot  
  117  7:57  SCV  
  117  7:58  Supply Depot  
  122  8:00  Supply Depot  
  122  8:05  Marine x3  
  122  8:08  Terran Infantry Armor Level 2, Terran Infantry Weapons Level 2  
  122  8:10  Terran Vehicle Weapons Level 1  
  125  8:13  Supply Depot  
  125  8:17  Marine x4, SCV x3  
  132  8:26  Marine x5  
  137  8:27  Factory Tech Lab  
  137  8:29  SCV  
  137  8:30  Siege Tank  
  137  8:31  Supply Depot  
  137  8:32  Supply Depot  
  141  8:35  Marine x4  
  141  8:40  Refinery  
  145  8:42  Refinery  
  145  8:45  Command Center  
  145  8:49  Marine  
  145  8:50  Marine x2  
  145  8:51  Siege Tank  
  145  8:52  Medivac x2  
  154  9:03  Supply Depot  
  154  9:04  Supply Depot  
  154  9:07  SCV x3  
  157  9:15  Marine x3  
  157  9:16  Marine x6  
  166  9:19  SCV x2  
  168  9:25  Siege Tank x2  
  174  9:32  Marine  
  175  9:48  Marine  
  175  9:49  Marine x7  
  175  9:50  Marine  
  184  9:54  Barracks x2  
  184  9:55  Barracks  
  184  9:57  Siege Tank  
  187  10:06  Marine x2  
  188  10:33  Marine x9  
  136  10:44  Siege Tank x2  
  136  10:48  Barracks Tech Lab x2  
  136  10:49  Barracks Tech Lab  
  127  10:50  Marine  
  127  10:51  Marine x8, Medivac x2, Planetary Fortress  
  127  10:53  SCV x3  
  141  10:59  Terran Infantry Armor Level 3, Terran Infantry Weapons Level 3  
  141  11:00  Terran Vehicle Weapons Level 2  
  141  11:05  SCV x3  
  141  11:08  Marine  
  145  11:11  Sensor Tower  
  145  11:17  SCV  
  145  11:18  SCV  
  147  11:20  Sensor Tower  
  147  11:24  Marine x5  
  147  11:25  Marine x2  
  156  11:26  Marauder x4  
  162  11:32  Refinery  
  162  11:33  Supply Depot, Refinery  
  162  11:36  Fusion Core  
  162  11:38  Siege Tank x2, Starport  
  162  11:39  Marine, Starport  
  169  11:42  Marine x5  
  172  12:03  Marine x3  
  172  12:04  Marauder x4  
  183  12:13  Concussive Shells  
  183  12:25  Marauder  
  183  12:26  Marauder x2  
  189  12:30  Command Center  
  189  12:31  Command Center  
  189  12:50  Marine x5  
  189  12:51  Marine, Marauder x2  
  182  12:52  Medivac x2  
  182  12:55  Siege Tank  
  182  12:56  Siege Tank  
  192  13:03  Starport Reactor, Starport Tech Lab  
  185  13:22  Marine x3, Medivac x2  
  185  13:23  Marauder x2  
  168  13:33  Marine x7  
  166  13:40  Marine  
Show
View Real Time Build Order
Export as new Build Order

WalkinBlues Zerg 

Build Orders: Hatch First 

Get SALT Encoding   

  12  0:00  Drone  
  13  0:13  Overlord  
  13  0:22  Drone  
  13  0:24  Extractor  
  13  0:25  Drone  
  15  0:32  Drone  
  16  0:38  Drone  
  17  0:55  Drone  
  17  0:57  Hatchery  
  17  0:58  Extractor  
  17  1:01  Drone  
  17  1:15  Spawning Pool  
  16  1:18  Drone  
  16  1:20  Drone  
  18  1:29  Drone  
  19  1:39  Overlord  
  19  2:01  Zergling x2  
  19  2:02  Zergling x2, Metabolic Boost  
  19  2:03  Queen  
  19  2:08  Queen  
  25  2:16  Drone x2  
  27  2:24  Drone x2  
  29  2:34  Drone x2  
  30  2:39  Pneumatized Carapace  
  30  2:49  Drone x2  
  32  3:01  Queen  
  32  3:03  Hatchery  
  32  3:05  Drone  
  33  3:09  Drone x2  
  35  3:13  Overlord  
  35  3:25  Overlord  
  35  3:33  Queen, Drone x3  
  40  3:37  Drone x2  
  40  3:39  Drone  
  43  3:42  Overlord  
  43  3:49  Overlord, Zergling x2  
  43  3:50  Zergling x2  
  43  3:55  Zergling x2  
  46  3:57  Zergling x2  
  47  4:03  Zergling x2  
  47  4:07  Zergling x2  
  49  4:11  Zergling x6  
  49  4:16  Drone x2  
  54  4:18  Extractor  
  54  4:20  Drone  
  54  4:21  Baneling Nest  
  54  4:23  Extractor  
  52  4:27  Drone x2  
  54  4:34  Spore Crawler x2  
  54  4:37  Drone x3  
  55  4:42  Drone  
  56  4:53  Spore Crawler, Drone  
  56  4:54  Drone x4  
  56  4:55  Overlord x2  
  55  5:09  Drone x5  
  55  5:14  Lair  
  58  5:19  Drone x5  
  61  5:37  Drone x2  
  61  5:38  Drone x3  
  61  5:41  Drone  
  67  5:43  Extractor  
  67  5:45  Evolution Chamber  
  67  5:46  Evolution Chamber  
  67  5:47  Overlord  
  67  5:48  Drone x4  
  69  5:57  Drone x3  
  71  6:04  Zergling x2  
  71  6:05  Zergling x6  
  71  6:09  Zergling x2  
  71  6:11  Zerg Melee Weapons Level 1  
  76  6:12  Zerg Ground Armor Level 1  
  76  6:15  Zergling x4  
  78  6:25  Baneling x14, Hatchery  
  77  6:26  Zergling x10  
  77  6:30  Overlord  
  82  6:50  Overlord, Drone x4  
  82  6:51  Spore Crawler, Zergling x8  
  82  6:52  Zergling x2  
  90  7:07  Overlord x3  
  90  7:09  Centrifical Hooks  
  90  7:13  Zergling x14  
  93  7:23  Zergling x2  
  93  7:24  Zergling x10  
  93  7:26  Drone x3  
  93  7:28  Extractor  
  100  7:33  Hydralisk Den  
  99  7:39  Zergling x2, Hatchery  
  99  7:42  Zergling x14  
  106  7:47  Overlord  
  106  8:01  Zergling x2  
  106  8:02  Infestation Pit, Zergling x18  
  115  8:07  Muscular Augments  
  115  8:19  Overlord  
  115  8:20  Zergling x8  
  118  8:30  Hydralisk, Overlord x2  
  118  8:31  Hydralisk x3  
  126  8:35  Overlord x3  
  126  8:48  Overlord x2  
  126  8:59  Hydralisk x3  
  126  9:00  Hydralisk x7  
  146  9:05  Drone x4  
  145  9:14  Zerg Melee Weapons Level 2, Zerg Ground Armor Level 2  
  139  9:19  Grooved Spines  
  139  9:22  Zergling x4  
  139  9:23  Zergling x14  
  148  9:25  Baneling x17  
  148  9:26  Baneling x2  
  146  9:41  Hydralisk x3  
  146  9:43  Baneling x2  
  148  9:46  Extractor, Hatchery  
  148  9:47  Zergling x2  
  148  9:48  Zergling x18  
  156  9:57  Hive  
  156  10:02  Hydralisk, Overlord x2  
  156  10:03  Hydralisk  
  160  10:17  Zergling x4  
  160  10:18  Zergling x18  
  171  10:23  Zergling x2  
  171  10:24  Zergling x6  
  171  10:25  Zergling x2  
  173  10:33  Zergling x2  
  173  10:34  Zergling x12  
  173  10:35  Zergling x2  
  126  10:43  Drone x3  
  126  10:44  Drone x2  
  126  10:49  Drone x4  
  129  10:51  Spore Crawler  
  128  11:00  Drone x6  
  128  11:01  Drone x3  
  137  11:09  Queen  
  137  11:10  Queen  
  141  11:17  Adrenal Glands  
  135  11:32  Extractor x2, Drone x2  
  136  11:34  Queen  
  136  11:37  Pathogen Glands  
  136  11:39  Spire, Drone  
  139  11:40  Drone x4  
  139  11:45  Queen, Zergling x2  
  139  11:46  Zergling x18  
  153  11:47  Zergling x2  
  153  11:48  Zergling x2  
  153  11:49  Zergling x2  
  153  11:53  Zergling x2  
  147  11:54  Zergling x2  
  147  11:55  Zergling x4  
  147  12:00  Spore Crawler, Extractor  
  148  12:04  Baneling x9  
  148  12:05  Baneling  
  148  12:06  Baneling x15  
  148  12:07  Zergling x2  
  149  12:20  Hydralisk x5  
  149  12:22  Baneling x14  
  159  12:23  Zergling x2  
  159  12:24  Drone  
  159  12:25  Drone  
  159  12:28  Drone x2  
  159  12:29  Drone x2  
  159  12:45  Zergling x4  
  159  12:46  Zergling x22  
  159  12:50  Zergling x22  
  151  12:52  Zergling x4  
  151  12:56  Zergling x2  
  150  12:59  Zergling x2  
  150  13:00  Zergling x6  
  150  13:04  Baneling  
  150  13:05  Baneling x10  
  154  13:06  Baneling  
  154  13:07  Zergling x6  
  148  13:14  Zergling x2  
  148  13:15  Zergling x8  
  148  13:19  Zergling x8, Hatchery  
  145  13:25  Zergling x6  
  124  13:33  Zergling x6  
  114  13:41  Zergling x6  
  114  13:44  Zergling x6  
  115  13:48  Zergling x6  
  115  13:49  Zergling x4  
Tags
 
Add a new tag
Caveats
  • Supply blocks, unpowered buildings, or Contaminate may cause inaccurate times.
  • Supply counts are checked every 10 seconds.